 Dungeon Crawl Stone Soup version 0.32-a0-876-gcfddb08e57 (webtiles) character file.

Game seed: 16266733953484161424

121 Autsider the Digger (level 5, -2/30 HPs)
             Began as a Gargoyle Earth Elementalist on Mar 31, 2024.
             Slain by an orc
             ... wielding a +0 flail of protection
              (6 damage)
             ... on level 5 of the Dungeon.
             The game lasted 00:04:59 (2330 turns).

Autsider the Digger (Gargoyle Earth Elementalist)   Turns: 2330, Time: 00:04:59

Health: -2/30      AC:  6    Str: 11    XL:     5   Next: 5%
Magic:  2/9        EV: 11    Int: 18    God:
Gold:   92         SH:  0    Dex: 10    Spells: 8/9 levels left

rFire   . . .        o - +3 dagger (protect)
rCold   . . .        (no shield)
rNeg    + . .        a - +0 robe
rPois   ∞            (no helmet)
rElec   +            (no cloak)
rCorr   .            (no gloves)
SInv    .            (no boots)
Will    .....        (no amulet)
Stlth   ++           (no ring)
HPRegen 0.25/turn    (no ring)
MPRegen 0.11/turn

%: no passive effects
@: no status effects
A: sickness immunity, AC +4, negative energy resistance 1, electricity
resistance, torment resistance 1, petrification resistance
a: no special abilities


You were on level 5 of the Dungeon.
You visited 1 branch of the dungeon, and saw 5 of its levels.

You collected 92 gold pieces.

Inventory:

Hand Weapons
 h - a +0 whip
 o - a +3 dagger of protection (weapon)
Missiles
 f - 5 curare-tipped darts
Armour
 a - a +0 robe (worn)
Scrolls
 d - a scroll of revelation {unknown}
 e - 2 scrolls of identify {unknown}
 n - a scroll of vulnerability {unknown}
 q - a scroll of enchant weapon {unknown}
Potions
 b - a potion of magic
 c - a potion of enlightenment {unknown}
 g - 2 potions of curing {unknown}
 i - a potion of invisibility {unknown}
 j - a potion of haste {unknown}
 k - a potion of lignification {unknown}
 l - a potion of brilliance {unknown}
 m - 2 potions of heal wounds {unknown}
 p - a potion of ambrosia {unknown}


   Skills:
 + Level 2.2 Fighting
 - Level 1.5 Dodging
 - Level 2.1 Stealth
 + Level 2.8 Spellcasting
 - Level 1.1 Conjurations
 * Level 5.4 Earth Magic


You had 8 spell levels left.
You knew the following spells:

 Your Spells              Type           Power      Damage    Failure   Level
a - Sandblast             Erth           44%        2d11      1%          1

Your spell library contained the following spells:

 Spells                   Type           Power      Damage    Failure   Level
 Passwall                 Erth           22%        N/A       5%          3
 Stone Arrow              Conj/Erth      28%        3d8       13%         3
 Brom's Barrelling Bould  Conj/Erth      14%        2d4       41%         4
 Petrify                  Alch/Erth      12%        N/A       47%         4


Dungeon Overview and Level Annotations

Branches:
Dungeon (6/15)
 Temple: D:4-7

Altars:

Shops:
D:1 =

Annotations:
D:3 Grinder


Innate Abilities, Weirdness & Mutations

You are immune to sickness and miasma.
Your stone body is resilient. (AC +4)
You are immune to poison.
You resist negative energy. (rN+)
You are resistant to electric shocks. (rElec)
You are resistant to unholy torment.
You are immune to petrification.


Message History

Press: ? - help, Shift-Dir - straight line, f - orc
Aim: an orc, wielding a +0 mace (83% to hit)
The blast of sand hits the orc.
The orc is heavily wounded.
The orc hits you with a +0 flail of protection.
* * * LOW HITPOINT WARNING * * *
The orc hits you but does no damage.
Casting: Sandblast (safe; 1% risk of failure)
Confirm with . or Enter, or press ? or * to list all spells.
Aiming: Sandblast (safe; 1% risk of failure)
Press: ? - help, Shift-Dir - straight line, f/p - orc
Aim: an orc, wielding a +0 mace (heavily wounded, 83% to hit)
The blast of sand hits the orc.
You kill the orc!
The orc hits you with a +0 flail of protection.
* * * LOW HITPOINT WARNING * * *
The orc barely misses you.
Casting: Sandblast (safe; 1% risk of failure)
Confirm with . or Enter, or press ? or * to list all spells.
Aiming: Sandblast (safe; 1% risk of failure)
Press: ? - help, Shift-Dir - straight line, f - orc
Aim: an orc, wielding a +0 flail of protection (83% to hit)
The blast of sand hits the orc but does no damage.
The orc closely misses you.
Casting: Sandblast (safe; 1% risk of failure)
Confirm with . or Enter, or press ? or * to list all spells.
Aiming: Sandblast (safe; 1% risk of failure)
Press: ? - help, Shift-Dir - straight line, f/p - orc
Aim: an orc, wielding a +0 flail of protection (83% to hit)
The blast of sand misses the orc.
The orc barely misses you.
The orc hits you with a +0 flail of protection.
* * * LOW HITPOINT WARNING * * *
Casting: Sandblast (safe; 1% risk of failure)
Confirm with . or Enter, or press ? or * to list all spells.
Aiming: Sandblast (safe; 1% risk of failure)
Press: ? - help, Shift-Dir - straight line, f/p - orc
Aim: an orc, wielding a +0 flail of protection (83% to hit)
The blast of sand hits the orc but does no damage.
The orc hits you with a +0 flail of protection.
You die...

# . ## #######
.. .......##
..# ........##
..# ........@#
##..# #
.......o)#
....#..
.........#
......#
........>#
....#.
.............#
....#
.............#
....#
.............#
##...#
.........#...#
#..#
#...###..#...#


You could see an orc.

Vanquished Creatures
  A hound (D:6)
  An orc wizard (D:5)
  2 adders (D:2)
  A white imp (D:6)
  2 orcs (D:5)
  3 ball pythons
  3 bats
  5 endoplasms
  2 giant cockroaches (D:1)
  2 hobgoblins (D:2)
  4 quokkas
  3 frilled lizards (D:1)
  5 goblins
  3 kobolds (D:1)
  3 rats
40 creatures vanquished.

Notes
Turn   | Place    | Note
-------+----------+-------------------------------------------
     0 | D:1      | Autsider the Gargoyle Earth Elementalist began the quest
                  | for the Orb.
     0 | D:1      | Reached XP level 1. HP: 10/10 MP: 3/3
   151 | D:1      | Reached skill level 4 in Earth Magic
   151 | D:1      | Reached XP level 2. HP: 16/16 MP: 0/5
   453 | D:1      | Found Pethrey's Jewellery Shoppe.
   674 | D:1      | Reached skill level 1 in Fighting
  1285 | D:2      | Reached XP level 3. HP: 20/20 MP: 4/6
  1876 | D:3      | Noticed Grinder
  1969 | D:3      | You fall into a shaft and drop 2 floors!
  1969 | D:5      | Entered Level 5 of the Dungeon
  1986 | D:5      | Noticed a lemure
  1989 | D:5      | Noticed a lemure
  2029 | D:5      | Noticed a bullfrog
  2034 | D:6      | Reached skill level 5 in Earth Magic
  2034 | D:6      | Reached XP level 4. HP: 10/26 MP: 4/7
  2122 | D:6      | Noticed an ice beast
  2169 | D:6      | HP: 1/26 [white imp/puff of frost (10)]
  2305 | D:6      | Noticed an ogre
  2326 | D:5      | Reached XP level 5. HP: 15/30 MP: 6/9
  2330 | D:5      | Slain by an orc

Illustrated notes

Levels and vault maps discovered:
D:1:      beargit_arrival_greenhouse, layout_basic, serial_shops, shop
D:2:      layout_basic
D:3:      layout_basic, uniq_crazy_yiuf_cottage, uniq_grinder, uniq_ijyb
D:5:      minmay_bubble_buster, layout_rooms, lightli_temple_of_fire,
          minmay_temple_entry_offerings, uniq_eustachio, uniq_prince_ribbit1,
          uniq_pikel, uniq_duvessa
D:6:      layout_loops_ring, old_standard_altar, pf_guarded_unrand_woodcutter

Skill      XL: |  1  2  3  4 |
---------------+-------------+-----
Earth Magic    | 4 5 |  5.4
Fighting       | 1 2 |  2.2
Dodging        | |  1.5
Stealth        | |  2.1
Spellcasting   | |  2.8
Conjurations   | |  1.1

Action                     |  1- 3 |  4- 6 || total
---------------------------+-------+-------++-------
  Melee: Unarmed           |    15 |       ||    15
         Dagger            |     3 |     2 ||     5
   Cast: Sandblast         |    53 |    16 ||    69
 Armour: Robe              |    36 |    15 ||    51
  Dodge: Dodged            |    37 |    20 ||    57

Table legend: (Time is in decaauts)
 A = Elapsed time spent in this place.
 B = Non-inter-level travel time spent in this place.
 C = Inter-level travel time spent in this place.
 D = Time resting spent in this place.
 E = Time spent auto-exploring this place.
 F = Levels seen in this place.
 G = Mean time per level.
                   A        B        C        D        E       F      G
               +--------+--------+--------+--------+--------+-----+--------+
         Total |   2361 |   2209 |    152 |    267 |   1517 |   5 |  472.2 |
       Dungeon |   2361 |   2209 |    152 |    267 |   1517 |   5 |  472.2 |
               +--------+--------+--------+--------+--------+-----+--------+

Top non-repeatable levels by time:
     D:1: 1191 daAuts
     D:2: 701 daAuts
     D:6: 288 daAuts
     D:3: 99 daAuts
     D:5: 80 daAuts
